Map: Automaton LE

Players

Stropheum - Winner!

  • Race: Zerg Zerg
  • League: Master
  • Spawn Location: 3:00

QEN

  • Race: Protoss Protoss
  • Spawn Location: 9:00

VOD

Have the link to the VOD?

Description

Time

  • Played on: Feb. 21, 2019, 8:24 a.m.
  • Length: 13:53
Show
View Real Time Build Order
Export as new Build Order

Stropheum Zerg - Winner!

Build Orders: Hatch First, Lurkers 

Get SALT Encoding   

  12  0:00  Drone  
  13  0:13  Overlord  
  13  0:18  Drone  
  14  0:31  Drone x2  
  16  0:50  Hatchery  
  16  0:53  Drone  
  16  0:56  Drone  
  17  1:00  Drone  
  18  1:11  Extractor  
  18  1:16  Spawning Pool  
  16  1:19  Drone  
  16  1:22  Drone  
  18  1:28  Drone  
  19  1:39  Drone  
  20  1:50  Overlord  
  20  2:03  Zergling x4  
  20  2:04  Queen x2  
  26  2:12  Drone  
  26  2:15  Metabolic Boost  
  27  2:17  Drone  
  27  2:22  Drone  
  29  2:27  Drone  
  30  2:39  Hatchery  
  29  2:46  Drone  
  29  2:47  Overlord  
  29  2:50  Drone  
  31  2:53  Drone  
  31  2:56  Drone  
  31  2:57  Drone  
  34  3:04  Queen  
  36  3:09  Overlord  
  36  3:18  Overlord  
  36  3:19  Drone x2  
  38  3:20  Drone  
  38  3:22  Drone  
  38  3:24  Drone  
  38  3:26  Drone  
  41  3:47  Drone x4  
  41  3:48  Drone x6  
  50  3:55  Drone x2  
  52  4:00  Spore Crawler  
  52  4:02  Spore Crawler  
  50  4:04  Lair  
  47  4:18  Drone x6  
  47  4:21  Queen  
  55  4:29  Extractor x2, Roach Warren  
  52  4:34  Spore Crawler  
  51  4:39  Overlord x3  
  51  4:45  Zergling x6  
  54  4:46  Evolution Chamber  
  54  4:50  Overlord  
  54  4:51  Drone  
  53  5:01  Overseer  
  53  5:09  Roach  
  53  5:10  Roach x3  
  61  5:15  Roach x2  
  61  5:18  Drone x6  
  70  5:23  Drone x2  
  71  5:30  Zerg Melee Weapons Level 1  
  71  5:32  Overlord x2  
  71  5:33  Drone  
  71  5:34  Drone  
  73  5:38  Drone  
  74  5:47  Hydralisk Den, Overlord  
  70  6:06  Drone x7  
  70  6:07  Drone x11  
  88  6:13  Pneumatized Carapace  
  88  6:20  Baneling Nest  
  86  6:26  Drone x2  
  86  6:27  Grooved Spines  
  87  6:33  Overlord, Queen  
  87  6:38  Hatchery, Extractor x2  
  86  6:42  Drone  
  86  6:43  Overseer  
  86  6:45  Evolution Chamber  
  86  6:54  Drone x8  
  88  6:55  Queen  
  88  6:56  Hydralisk  
  88  6:57  Hydralisk x2  
  102  7:03  Hydralisk x2  
  102  7:05  Overlord x2  
  105  7:17  Zergling x4  
  105  7:18  Zergling x4  
  105  7:19  Overlord  
  109  7:23  Zerg Missile Weapons Level 1  
  109  7:24  Zerg Melee Weapons Level 2  
  108  7:39  Zergling x2  
  108  7:40  Zergling x2  
  108  7:41  Overlord  
  110  7:46  Overlord, Drone  
  110  7:47  Drone x4  
  115  7:51  Muscular Augments  
  115  7:54  Hydralisk x5  
  115  7:55  Hydralisk, Zergling x2  
  115  7:56  Zergling x6  
  131  8:11  Extractor  
  128  8:14  Lurker Den, Drone  
  128  8:15  Infestation Pit, Drone x2  
  128  8:17  Extractor, Drone x5  
  128  8:18  Extractor  
  132  8:20  Drone  
  132  8:22  Baneling x4  
  133  8:42  Overlord  
  133  8:43  Overlord x2  
  133  8:44  Zergling x18  
  142  8:48  Hatchery  
  141  8:58  Hive  
  141  8:59  Hatchery  
  140  9:02  Baneling  
  140  9:03  Baneling x3  
  140  9:05  Hydralisk x9  
  140  9:06  Zergling x2  
  159  9:28  Zergling x4  
  159  9:38  Zergling x24  
  160  9:42  Baneling x12  
  164  9:46  Hydralisk x7  
  162  9:58  Centrifical Hooks  
  142  10:03  Hydralisk x7  
  142  10:04  Zergling x2  
  142  10:05  Zergling x4  
  139  10:15  Zergling x4  
  139  10:16  Baneling x2  
  138  10:29  Zerg Missile Weapons Level 2  
  138  10:30  Hatchery, Zerg Melee Weapons Level 3  
  138  10:32  Hatchery  
  138  10:34  Adaptive Talons  
  136  10:38  Zergling x4  
  136  10:41  Baneling x3  
  138  10:49  Overseer x2  
  138  10:57  Queen x3  
  140  11:06  Zergling x30  
  140  11:07  Zergling x14  
  147  11:18  Baneling x2  
  145  11:38  Baneling x4  
  142  12:02  Lurker x10  
  142  12:03  Lurker  
  153  12:13  Zergling x4  
  153  12:15  Baneling  
  153  12:16  Baneling x8  
  153  12:24  Zergling x32  
  153  12:25  Zergling x32  
  185  12:36  Spire  
  184  12:37  Zergling x4  
  185  12:52  Baneling x2  
  156  13:06  Hydralisk x6  
  156  13:07  Zergling x22  
  156  13:08  Zergling x12  
  154  13:13  Hydralisk  
Show
View Real Time Build Order
Export as new Build Order

QEN Protoss 

Build Orders: 1 Gate Expand, Oracle Opening 

Get SALT Encoding   

  12  0:01  Probe  
  13  0:13  Probe  
  14  0:20  Pylon  
  14  0:25  Probe  
  15  0:35  Probe  
  16  0:43  Probe  
  16  0:45  Gateway  
  17  0:52  Probe  
  17  0:56  Assimilator  
  18  1:04  Probe  
  19  1:16  Probe  
  20  1:36  Nexus  
  20  1:40  Cybernetics Core  
  20  1:44  Probe  
  21  1:50  Assimilator  
  21  1:56  Probe  
  22  2:03  Pylon  
  22  2:08  Probe  
  23  2:18  Probe  
  23  2:21  Adept  
  26  2:26  Probe  
  26  2:29  Warp Gate  
  26  2:32  Stargate  
  26  2:36  Probe  
  27  2:46  Probe  
  27  2:48  Probe  
  29  2:51  Stalker  
  29  2:54  Probe  
  32  3:00  Probe  
  32  3:04  Probe  
  33  3:07  Oracle  
  33  3:12  Probe  
  38  3:20  Gateway  
  38  3:21  Probe  
  39  3:28  Probe  
  39  3:33  Probe  
  41  3:41  Probe  
  41  3:45  Probe  
  41  3:48  Oracle  
  44  3:49  Adept  
  46  3:58  Pylon  
  46  4:01  Pylon  
  46  4:16  Probe x2  
  48  4:28  Probe x2  
  50  4:32  Adept x2  
  54  4:40  Probe x2  
  54  4:42  Robotics Facility  
  54  4:43  Forge  
  54  4:45  Assimilator, Twilight Council  
  56  4:46  Assimilator  
  56  4:52  Probe x2  
  58  4:55  Nexus  
  58  5:02  Adept x2  
  62  5:08  Pylon  
  62  5:16  Pylon  
  62  5:21  Protoss Ground Weapons Level 1  
  62  5:26  Probe x2  
  64  5:29  Shield Battery  
  64  5:30  Shield Battery  
  64  5:34  Charge  
  64  5:37  Templar Archives  
  64  5:38  Probe x2  
  64  5:40  Observer  
  67  5:47  Gateway  
  67  5:49  Gateway  
  67  5:50  Probe  
  67  5:56  Probe  
  69  6:12  Probe x2, Psionic Storm  
  69  6:14  Probe  
  72  6:20  Gateway x2  
  72  6:23  Gateway  
  72  6:24  Probe  
  72  6:25  Gateway  
  73  6:29  Shield Battery  
  73  6:32  Pylon, Zealot  
  75  6:40  Probe x2  
  75  6:41  Probe  
  75  6:45  Immortal  
  75  6:46  High Templar  
  84  6:52  High Templar x2  
  84  6:53  Assimilator  
  88  6:55  Probe  
  89  7:11  Probe  
  90  7:20  Immortal  
  90  7:21  Zealot x3  
  100  7:30  Pylon  
  100  7:34  Pylon, Nexus  
  100  7:36  Pylon  
  100  7:37  Pylon  
  100  7:41  Protoss Ground Weapons Level 2  
  100  7:50  Assimilator  
  100  7:53  Warp Prism  
  100  7:59  Gateway  
  100  8:01  Zealot x2, Gateway  
  100  8:02  Shield Battery  
  100  8:03  Shield Battery  
  106  8:13  Probe  
  106  8:14  Probe  
  106  8:16  High Templar x5  
  106  8:18  Zealot  
  120  8:21  Zealot x2  
  120  8:26  Pylon  
  124  8:28  Pylon  
  124  8:33  Pylon  
  124  8:34  Pylon  
  124  8:39  Stalker  
  126  9:01  High Templar  
  126  9:02  High Templar x3  
  132  9:03  Observer  
  132  9:04  Zealot  
  132  9:05  Zealot x3  
  132  9:08  Archon  
  132  9:09  Archon  
  142  9:31  Photon Cannon, Probe x2  
  137  9:32  Photon Cannon, Probe  
  140  9:39  Zealot  
  140  9:40  Zealot x4  
  130  9:57  Zealot x2  
  130  9:58  Zealot  
  124  10:06  Zealot  
  117  10:11  Probe x3  
  77  10:19  High Templar x8  
  75  10:29  Probe x3  
  75  10:30  Stargate  
  75  10:35  Probe  
  79  10:37  Probe  
  79  10:41  Probe x2, Zealot x2  
  86  10:45  Probe  
  86  10:47  Probe  
  86  10:49  Photon Cannon  
  88  10:53  Probe x2  
  88  10:54  Zealot x7  
  88  10:55  Zealot  
  98  11:12  High Templar x2  
  98  11:16  Zealot x7  
  98  11:17  Zealot  
  118  11:29  Archon  
  118  11:43  Zealot x4  
  118  11:44  Zealot x2  
  122  11:52  Probe x3  
  122  11:53  Probe  
  126  12:02  Fleet Beacon  
  126  12:04  Probe x2  
  126  12:06  High Templar x4  
  126  12:08  Stargate  
  125  12:17  Probe x4  
  129  12:25  Observer  
  129  12:29  Probe x3  
  134  12:30  Assimilator, Photon Cannon, Probe  
  134  12:31  High Templar  
  136  12:42  Probe  
  137  12:47  Stalker  
  137  12:48  Stalker  
  95  13:07  Zealot x2  
  95  13:08  Zealot x5  
  84  13:14  Zealot x2  
  80  13:25  High Templar  
  72  13:36  High Templar x6  
  72  13:40  Zealot x3  
  80  13:42  Archon  
  80  13:43  Archon  
  80  13:44  Archon  
  80  13:45  Zealot  
Tags
 
Add a new tag
Caveats
  • Supply blocks, unpowered buildings, or Contaminate may cause inaccurate times.
  • Supply counts are checked every 10 seconds.